AoeStats
← MatzeAoE

Black Forest

505501268Analyzed
1v1 RM · 23d ago on Sep 9, 2026· 24m 2s· 2 players
Game mode
Random Map
Map size
Tiny (2 player)
Population
200
Speed
Normal
Resources
Standard
Victory
Conquest
Starting age
Dark Age
Ending age
Imperial Age
RankedLock teamsTeams togetherTeam positionsShared explorationLock speedFull tech treeHidden civsTurbo modeCheats
Victory
Defeat
🇨🇱 Spanish · Chile
2134
+16
🇩🇪 Vikings · Germany
2134
-16
DGHIR | chanchilaru
0:51 Loom
12:49 Feudal Age
16:19 Castle Age
14:41 Double-Bit Axe
20:04 Fletching
21:52 Bodkin Arrow
MatzeAoE
1:37 Loom
14:53 Feudal Age
15:29 Double-Bit Axe
21:20 Castle Age
19:33 Fishing Lines
20:51 Fletching
Connection lost

Rejoining the realm…

Still unreachable

The connection could not be restored.

Session expired

The server has moved on; the page needs a fresh start.